 Dungeon Crawl Stone Soup version 0.15-a0-2099-gfb1bfb9 (webtiles) character file.

166 HoboMan the Ducker (level 5, 31/57 HPs)
             Began as a Troll Fighter on Nov 15, 2013.
             Starved to death
             ... on Level 3 of the Dungeon on July 14, 2014.
             The game lasted 00:45:42 (2131 turns).

HoboMan the Ducker (Troll Fighter)                  Turns: 2131, Time: 00:45:42

HP  31/57        AC  5     Str 24      XL: 5   Next: 22%
MP   1/1         EV  8     Int  4      God:
Gold 144         SH  9     Dex  7 (10) Spells:  0 memorised,  4 levels left

rFire  . . .     SeeInvis .     a - +0 mace (curse)
rCold  . . .     Clarity  .     b - +0 robe
rNeg   . . .     rCorr    .     c - +0 shield
rPois  .         rRot     .     (helmet restricted)
rElec  .         Spirit   .     (no cloak)
SustAb .         Warding  .     (gloves unavailable)
rMut   .         Stasis   .     (boots unavailable)
Gourm  +                        (no amulet)
MR     .....                    (no ring)
                                (no ring)

@: starving, not resistant to hostile enchantments, very unstealthy
A: unfitting armour, claws 3, fast metabolism 3, gourmand, regeneration 2,
saprovore 2, shaggy fur 1, tough skin 2
a: no special abilities


You were on level 3 of the Dungeon.
You were starving.

You visited 1 branch of the dungeon, and saw 4 of its levels.

You collected 144 gold pieces.

Inventory:

Hand weapons
 a - a cursed +0 mace (weapon)
 i - a +0 whip
 j - a +0 club
 k - a +0 dagger
 y - a +0 hand axe
 A - a +1 short sword
 F - a +2 scythe
 I - a +0 club
 N - a +1 mace
Missiles
 h - 48 stones (quivered)
 r - 27 arrows
 B - 26 darts
 H - 11 arrows of flame
Armour
 b - a +0 robe (worn)
 c - a +0 shield (worn)
 f - a +2 pair of gloves
 w - a +2 leather armour
 x - a +0 robe
 C - a +0 helmet
 E - a +0 ring mail
 G - a +0 robe
 M - a +0 shield
Comestibles
 d - 3 meat rations
 g - 3 bread rations
Scrolls
 l - 2 scrolls of fear
 m - a scroll of teleportation
 n - a scroll of magic mapping
 o - a scroll of curse weapon
 p - a scroll of identify
 s - 2 scrolls of curse armour
 u - 3 scrolls of remove curse {unknown}
 v - a scroll of random uselessness {unknown}
 D - a scroll of recharging {unknown}
 K - a scroll of enchant armour {unknown}
 L - a scroll of enchant weapon {unknown}
Potions
 e - a potion of brilliance
 q - a potion of invisibility {unknown}
 z - a potion of restore abilities {unknown}
 J - a potion of agility {unknown}
 O - a potion of haste {unknown}
Magical staves
 t - an uncursed staff of earth {unknown}


   Skills:
 + Level 2.7 Fighting
 + Level 2.4 Maces & Flails
 + Level 3.7 Dodging
 + Level 3.4 Shields


You had 4 spell levels left.
You didn't know any spells.

Dungeon Overview and Level Annotations

Branches:
Dungeon (4/16)
 Temple: D:4-7

Altars:
Okawaru
Trog

Annotations:
D:3 Eustachio


Innate Abilities, Weirdness & Mutations

You are too large for most types of armour.
You have claws for hands.
Your metabolism is lightning-fast.
You like to eat raw meat.
You heal very quickly.
You can eat rotten meat.
You are covered in fur (AC +1).
You have very tough skin (AC +2).


Message History

The rat barely misses you. The rat bites you but does no damage.
You hit the rat.
You kill the rat!
The rat's corpse disappears in a puff of smoke!
Eustachio hits you but does no damage. The rat barely misses you.
The rat closely misses you.
There is a stone staircase leading up here.
Eustachio growls, "To hell with you, honourless miscreant!"
Eustachio barely misses you.
You climb upwards.
There is a stone staircase leading down here.
Eustachio hits you but does no damage.
You hit Eustachio.
Eustachio is lightly wounded.
Eustachio casts a spell.
You hit Eustachio but do no damage.
Eustachio is lightly wounded.
You block Eustachio's attack. The green rat bites you.
You have starved to death.
You die...

##### ##### #...# #>..#
#####...# #@@.#
####...#...###.r.###
#......##..........#
#......##.######...#
###......##.######...#
...................###
.........##.######## #####
###....####.###########...##
#(...# #.#..............#


You could see Eustachio and a green rat.

Vanquished Creatures
  Sigmund (D:3)
  A giant mite (D:3)
  4 adders
  An orc (D:3)
  4 giant cockroaches
  5 goblins
  4 hobgoblins
  2 jackals (D:1)
  6 bats
  2 giant newts (D:1)
  7 kobolds
  6 quokkas
  14 rats
57 creatures vanquished.

Notes
Turn   | Place    | Note
--------------------------------------------------------------
     0 | D:1      | HoboMan, the Troll Fighter, began the quest for the Orb.
     0 | D:1      | Reached XP level 1. HP: 23/23 MP: 0/0
   192 | D:1      | Reached XP level 2. HP: 29/31 MP: 0/0
   940 | D:2      | Reached XP level 3. HP: 31/37 MP: 1/1
  1253 | D:2      | Reached skill level 3 in Dodging
  1351 | D:2      | Found an iron altar of Okawaru.
  1357 | D:2      | Found a bloodstained altar of Trog.
  1634 | D:3      | Upgraded the game from 0.14-a0-852-g0ba292f to 0.15-a0-2099-gfb1bfb9
  1702 | D:3      | Reached XP level 4. HP: 50/50 MP: 1/1
  1770 | D:3      | Noticed Sigmund
  1785 | D:3      | Killed Sigmund
  1785 | D:3      | Reached XP level 5. HP: 22/57 MP: 1/1
  2032 | D:4      | Noticed Eustachio
  2131 | D:3      | Starved to death

Action                   |  1- 3 |  4- 6 || total
-------------------------+-------+-------++-------
Melee: Mace              |   104 |   103 ||   207
       Dagger            |    62 |       ||    62
  Use: Scroll            |     6 |       ||     6
       Potion            |     1 |       ||     1
  Eat: Chunk             |       |     3 ||     3
